 Dungeon Sprint DCSS version 0.20-a0-1075-gc475d56 (webtiles) character file.

8811 Dipster the Brawler (level 15, -8/146 HPs)
             Began as a Troll Transmuter on Apr 30, 2017.
             Was an Initiate of Gozag.
             Mangled by Dissolution (9 damage)
             ... in the Dungeon (Sprint VI: "Thunderdome").
             The game lasted 00:38:33 (3559 turns).

Dipster the Brawler (Troll Transmuter)              Turns: 3559, Time: 00:38:34

Health: -8/146     AC: 17    Str: 31    XL:     15   Next: 77%
Magic:  0/26       EV: 13    Int: 13    God:    Gozag
Gold:   706        SH:  0    Dex: 10    Spells: 22/30 levels left

rFire    + + +     SeeInvis .     - Unarmed
rCold    + + .     Gourm    +   A - +5 large shield of the Farrier {Str+3}
rNeg     + + +     Faith    .   r - +8 pearl dragon scales
rPois    +         Spirit   .   z - +0 hat "Riurys" {+Blink Int+4} (curse)
rElec    +         Reflect  +   B - +1 cloak of Vehumet's Supremacy {rN+}
rCorr    +         Harm     .   (gloves unavailable)
MR       +....     NoTele   +   (boots unavailable)
Stlth    ..........             D - +5 amulet of reflection
Regen    0.8/turn               S - ring "Kohiv" {rPois rC++ Slay+2}
MPRegen  0.2/turn               P - ring "Fuidu" {rCorr rF+++ rC- rN++ Int-4}

@: confused, mighty, resistant, corroded, hasted (expiring), studying
Translocations, very quick
A: unfitting armour, claws 3, blurry vision 2, fast metabolism 3, gourmand,
regeneration 1, shaggy fur 1, tough skin 2
}: 3/15 runes: decaying, barnacled, elven
a: Potion Petition, Call Merchant, Bribe Branch, Renounce Religion, Evoke Blink


You were in the Dungeon.
You worshipped Gozag.
Gozag was pleased with you.
You were hungry.

You visited 1 branch You collected 16129 gold pieces.
You spent 15423 gold pieces at shops.

Inventory:

Hand Weapons
 w - a +3 longbow of flaming
Missiles
 a - 199 arrows
Armour
 f - a +2 robe of cold resistance
 r - +8 pearl dragon scales (worn)
 x - the -4 cloak of Amorality {-Cast rCorr Dex+2}
   (You bought it in a shop in the Dungeon)

   It affects your dexterity (+2).
   It prevents spellcasting.
   It protects you from acid and corrosion.
 y - the +4 shield "Dach" {Int-5 Dex+5}
   (You bought it in a shop in the Dungeon)

   It affects your intelligence (-5).
   It affects your dexterity (+5).
 z - the cursed +0 hat "Riurys" (worn) {+Blink Int+4}
   (You bought it in a shop in the Dungeon)

   It affects your intelligence (+4).
   It lets you blink.
   It has a curse placed upon it.
 A - the +5 large shield of the Farrier (worn) {Str+3}
   (You bought it in a shop in the Dungeon)

   It affects your strength (+3).
 B - the +1 cloak of Vehumet's Supremacy (worn) {rN+}
   (You bought it in a shop in the Dungeon)

   It protects you from negative energy.
 F - a +2 shield of protection
Magical Staves
 t - an uncursed staff of energy
Jewellery
 o - the amulet "Peots" {Regen+ Dex+4}
   (You bought it in a shop in the Dungeon)

   [amulet of regeneration]

   It affects your dexterity (+4).
   It increases your rate of regeneration.
 p - the ring "Cearin" {rCorr *Drain Dex+8}
   (You bought it in a shop in the Dungeon)

   [ring of resist corrosion]

   It affects your dexterity (+8).
   It causes draining when unequipped.
 q - the ring of Pysaotox {+Fly rF+ rC- MR+ Dex+2}
   (You bought it in a shop in the Dungeon)

   [ring of flight]

   It affects your dexterity (+2).
   It protects you from fire.
   It makes you vulnerable to cold.
   It affects your resistance to hostile enchantments.
   It lets you fly.
 C - the ring "Zianwav" {EV+2 Str+5 Int-4}
   (You bought it in a shop in the Dungeon)

   [ring of evasion]

   It affects your evasion (+2).
   It affects your strength (+5).
   It affects your intelligence (-4).
 D - a +5 amulet of reflection (around neck)
 G - an uncursed ring of ice
 L - the amulet of Vyamaek {Faith MR- Int+5 Dex+4}
   (You bought it in a shop in the Dungeon)

   [amulet of faith]

   It allows you to gain divine favour quickly.
   It affects your intelligence (+5).
   It affects your dexterity (+4).
   It affects your resistance to hostile enchantments.
 M - the ring of Gofe {rPois Int+6}
   (You bought it in a shop in the Dungeon)

   [ring of poison resistance]

   It affects your intelligence (+6).
   It protects you from poison.
 N - the ring "Sephydgh" {rElec Stlth+}
   (You bought it in a shop in the Dungeon)

   [ring of stealth]

   It insulates you from electricity.
   It makes you more stealthy.
 O - the ring of Qentiz {-Tele rPois MR+ Int+2}
   (You bought it in a shop in the Dungeon)

   [ring of poison resistance]

   It affects your intelligence (+2).
   It protects you from poison.
   It affects your resistance to hostile enchantments.
   It prevents most forms of teleportation.
 P - the ring "Fuidu" (right claw) {rCorr rF+++ rC- rN++ Int-4}
   (You bought it in a shop in the Dungeon)

   [ring of resist corrosion]

   It affects your intelligence (-4).
   It renders you almost immune to fire.
   It makes you vulnerable to cold.
   It greatly protects you from negative energy.
 Q - the ring "Rouv" {rN+ MP+9 Str+4 Slay+3}
   (You bought it in a shop in the Dungeon)

   [ring of positive energy]

   It affects your strength (+4).
   It affects your accuracy and damage with ranged weapons and melee attacks
   (+3).
   It protects you from negative energy.
   It affects your magic capacity (+9).
 R - the ring "Isuwn" {+Blink Dex+10 Slay+2 Stlth-}
   (You bought it in a shop in the Dungeon)

   [ring of slaying]

   It affects your dexterity (+10).
   It affects your accuracy and damage with ranged weapons and melee attacks
   (+2).
   It lets you blink.
   It makes you less stealthy.
 S - the ring "Kohiv" (left claw) {rPois rC++ Slay+2}
   (You bought it in a shop in the Dungeon)

   [ring of slaying]

   It affects your accuracy and damage with ranged weapons and melee attacks
   (+2).
   It greatly protects you from cold.
   It protects you from poison.
 T - the ring "Iffumur" {Fire *Contam +Inv MR+ Str+4}
   (You bought it in a shop in the Dungeon)

   [ring of fire]

   It enhances your fire magic.
   It affects your strength (+4).
   It protects you from fire.
   It makes you vulnerable to cold.
   It affects your resistance to hostile enchantments.
   It lets you turn invisible.
   It causes magical contamination when unequipped.
 U - the ring "Alisyete" {Ice rPois}
   (You bought it in a shop in the Dungeon)

   [ring of ice]

   It enhances your ice magic.
   It makes you vulnerable to fire.
   It protects you from cold.
   It protects you from poison.
 V - the ring "Xeolov" {+Fly Dex+7}
   (You bought it in a shop in the Dungeon)

   [ring of flight]

   It affects your dexterity (+7).
   It lets you fly.
 W - the ring of the Little Devil {rElec EV+5 Int-3 Dex+6 Slay+2}
   (You bought it in a shop in the Dungeon)

   [ring of evasion]

   It affects your evasion (+5).
   It affects your intelligence (-3).
   It affects your dexterity (+6).
   It affects your accuracy and damage with ranged weapons and melee attacks
   (+2).
   It insulates you from electricity.
 X - the ring "Kaozog" {rF- rN+ Str+4 Stlth+}
   (You bought it in a shop in the Dungeon)

   [ring of stealth]

   It affects your strength (+4).
   It makes you vulnerable to fire.
   It protects you from negative energy.
   It makes you more stealthy.
Wands
 k - a wand of acid (9/15)
 l - a wand of iceblast (2/15)
Scrolls
 j - a scroll of recharging
 m - a scroll of fog
 u - 20 scrolls of blinking
 Y - a scroll of identify
Potions
 e - 3 potions of curing
 g - 26 potions of haste
 h - 2 potions of magic
 i - 6 potions of berserk rage
 n - 12 potions of resistance
 E - a potion of cancellation {unknown}
 J - a potion of experience
 Z - 3 potions of might
Books
 c - a book of Changes

   Spells                             Type                      Level
   a - Beastly Appendage              Transmutation                1
   b - Sticks to Snakes               Transmutation                2
   c - Spider Form                    Transmutation/Poison         3
   d - Ice Form                       Ice/Transmutation            4
   e - Blade Hands                    Transmutation                5
 K - a manual of Translocations
Miscellaneous
 I - a quad damage
Comestibles
 d - 11 royal jellies


   Skills:
 - Level 9.0 Fighting
 + Level 13.5 Armour
 + Level 13.6 Dodging
 * Level 13.9 Shields
 + Level 18.6 Unarmed Combat
 + Level 8.1 Spellcasting
 + Level 14.4 Transmutations
 - Level 3.0 Evocations


You had 22 spell levels left.
You knew the following spells:

 Your Spells              Type           Power        Failure   Level  Hunger
a - Beastly Appendage     Tmut           #####.       1%          1    None
b - Sticks to Snakes      Tmut           #####...     1%          2    None
c - Blade Hands           Tmut           #####.....   2%          5    #####..


Dungeon Overview and Level Annotations

Branches:
Dungeon (1/1)

Altars:
Cheibriados
Dithmenos
Fedhas
Gozag
Kikubaaqudgha
Makhleb
Okawaru
Qazlal
Ru
Sif Muna
Trog
Uskayaw
Vehumet
Wu Jian
Xom
Yredelemnul
Zin
The Shining One
Beogh
Jiyva
Lugonu

Shops:
D [%??*?*:[((!!!!

Annotations:
D Dissolution


Innate Abilities, Weirdness & Mutations

You are too large for most types of armour.
You have claws for hands.
Your metabolism is lightning-fast.
You like to eat raw meat.
Your natural rate of healing is unusually fast.
You are covered in fur. (AC +1)
You have very tough skin. (AC +2)
Scrolls take you longer to read.


Message History

An eye of draining comes into view.
You're too confused to move!
The eye of draining turns its gaze towards you.
The golden eye dissolves into a puddle of slime!
The golden eye pulsates ominously.
The golden eye blinks at you.
You are more confused.
The acid blob hits you but does no damage.
The slime creature hits you but does no damage.
The slime creature barely misses you.
You barely miss Dissolution.
Dissolution is lightly wounded.
Your extra speed is starting to run out.
Dissolution hits you.
* * * LOW HITPOINT WARNING * * *
You are splashed with acid!
The acid burns!
You resist.
* * * LOW HITPOINT WARNING * * *
Dissolution hits you!
You die...
Your body crumbles into a pile of gold.

##∩_._$$..$$###...).._
###∩.......$8)# #$8.....
##......$$$..[$###.......
#⌠....$$$$.$###$.$###)...
#⌠..........# #.<.# #22..
#⌠......$G..###..)###....
##.$$..G....$$$.##[G.....
###∩.$JJJ...8.#.#[8.....
##∩_G@JG...$##........
######.8.........8.##
#⌠)[.........J#
###)..$.....###
#_......._# #_.G....._#
#_......._# #∩.......∩#
##∩.....∩##


You could see Dissolution, an acid blob, 2 slime creatures, 3 eyes of draining,
a floating eye and a golden eye.

Vanquished Creatures
  the Lernaean hydra (D)
  Fannar (D)
  2 bone dragons (D)
  Ilsuiw (D)
  4 acid blobs (D)
  A death cob (D)
  An azure jelly (D)
  An emperor scorpion (D)
  2 ghouls (D)
  Nessos (D)
  A deep elf annihilator (D)
  A dire elephant (D)
  Josephine (D)
  A great orb of eyes (D)
  3 hydras (D)
  A centaur warrior (D)
  2 deep elf knights (D)
  4 iron trolls (D)
  A deep troll (D)
  3 deep elf archers (D)
  A phantasmal warrior (D)
  2 wolf spiders (D)
  4 orb spiders (D)
  An orc sorcerer (D)
  4 deep elf magi (D)
  A shining eye (D)
  A torpor snail (D)
  A rime drake (D)
  A spiny frog (D)
  13 tormentors (D)
  A demonic crawler (D)
  4 trolls (D)
  2 jumping spiders (D)
  A hornet (D)
  3 bog bodies (D)
  2 slime creatures (D)
  A redback (D)
  4 air elementals (D)
  A tarantella (D)
  3 wraiths (D)
  A yak (D)
  A water elemental (D)
  3 fire bats (D)
  A fire elemental (D)
  2 water moccasins (D)
  4 hell hounds (D)
  A swamp drake (D)
  3 eyes of draining (D)
  8 dwarves (D)
  A phantom (D)
  5 necrophages (D)
  6 ogres (D)
  6 centaurs (D)
  3 wights (D)
  A mummy (D)
  An adder (D)
  An ooze (D)
  5 ball lightnings (D)
  A dart slug (D)
  A bat skeleton (D)
  A goblin (D)
  A hobgoblin (D)
  A quokka (D)
  A jackal zombie (D)
  2 kobolds (D)
145 creatures vanquished.

Vanquished Creatures (others)
  2 dancing weapons (D)
  6 ball lightnings (D)
8 creatures vanquished.

Grand Total: 153 creatures vanquished

Notes
Turn   | Place    | Note
-------+----------+-------------------------------------------
     0 | D        | Dipster the Troll Transmuter began the quest for the Orb.
     0 | D        | Reached XP level 1. HP: 18/18 MP: 1/1
     0 | D        | Found a stormy altar of Qazlal.
     2 | D        | Found a corrupted altar of Lugonu.
     2 | D        | Found a shimmering altar of Xom.
     5 | D        | Round 1.
    10 | D        | Reached skill level 1 in Fighting
    11 | D        | Found a basalt altar of Yredelemnul.
    12 | D        | Found an opulent altar of Gozag.
    12 | D        | Found a deep blue altar of Sif Muna.
    13 | D        | Found a radiant altar of Vehumet.
    13 | D        | Found a bloodstained altar of Trog.
    13 | D        | Found Atzan's Staff Store.
    13 | D        | Found Jidghef's Magic Scroll Shop.
    14 | D        | Found Ruunetoc's Must-Have Magic.
    14 | D        | Found Lutoyve's Magic Scroll Shop.
    15 | D        | Found a glowing golden altar of the Shining One.
    20 | D        | Became a worshipper of Gozag Ym Sagoz the Greedy
    43 | D        | Found a sacrificial altar of Ru.
    47 | D        | Found an ancient bone altar of Kikubaaqudgha.
    47 | D        | Found Xihazeog's Bee Food.
    47 | D        | Found Vuakh's Jewellery.
    48 | D        | Found Wauloty's Advanced Armour.
    53 | D        | Found Zokhly's Identification Station.
    53 | D        | Found an ornate altar of the Wu Jian Council.
    53 | D        | Found a hide-covered altar of Uskayaw.
    53 | D        | Found a blossoming altar of Fedhas.
    54 | D        | Bought a steaming ruby amulet for 45 gold pieces
    54 | D        | Bought a crude copper ring for 45 gold pieces
    54 | D        | Bought a scorched bronze ring for 45 gold pieces
    54 | D        | Identified the amulet "Peots" {Regen+ Dex+4} (You bought it in a shop in the Dungeon)
    55 | D        | Identified the ring "Cearin" {rCorr *Drain Dex+8} (You bought it in a shop in the Dungeon)
    56 | D        | Identified the ring of Pysaotox {+Fly rF+ rC- MR+ Dex+2} (You bought it in a shop in the Dungeon)
    65 | D        | Found a burning altar of Makhleb.
    69 | D        | Found a snail-covered altar of Cheibriados.
    69 | D        | Found a shadowy altar of Dithmenos.
    69 | D        | Found Qego's Premium Goods.
    69 | D        | Found Tashrexi's Miscellaneous Merchandise.
    70 | D        | Found Qiaxusaf's Basic Armour.
    75 | D        | Found Micso's Weapon Rack.
    75 | D        | Found an iron altar of Okawaru.
    75 | D        | Found a roughly hewn altar of Beogh.
    86 | D        | Found a glowing silver altar of Zin.
    87 | D        | Found a viscous altar of Jiyva.
    88 | D        | Found Qoatir's Do-It-Yourself Clinic.
    89 | D        | Found Tioc Quira's Bottled Wisdom.
    89 | D        | Found Pulocso's Distillery.
    96 | D        | Found Qahu's Distillery.
   105 | D        | Reached skill level 4 in Unarmed Combat
   105 | D        | Reached XP level 2. HP: 28/28 MP: 2/2
   148 | D        | Arena points: 12 (+12) [x2]
   190 | D        | Round 2.
   239 | D        | Reached skill level 5 in Unarmed Combat
   311 | D        | Arena points: 22 (+10) [x1]
   326 | D        | Round 3.
   332 | D        | Noticed a necrophage
   352 | D        | Killed a necrophage
   352 | D        | Reached skill level 7 in Unarmed Combat
   352 | D        | Reached XP level 3. HP: 31/36 MP: 3/3
   352 | D        | Reached XP level 4. HP: 39/45 MP: 4/4
   356 | D        | Learned a level 2 spell: Sticks to Snakes
   391 | D        | Reached skill level 8 in Unarmed Combat
   391 | D        | Reached XP level 5. HP: 53/53 MP: 5/5
   414 | D        | Noticed a phantom
   428 | D        | Noticed Josephine
   429 | D        | Killed a phantom
   429 | D        | Reached skill level 9 in Unarmed Combat
   459 | D        | Killed Josephine
   459 | D        | Reached skill level 12 in Unarmed Combat
   459 | D        | Reached XP level 6. HP: 32/71 MP: 6/6
   459 | D        | Reached XP level 7. HP: 36/78 MP: 7/7
   459 | D        | Reached XP level 8. HP: 40/87 MP: 8/8
   485 | D        | Arena points: 64 (+42) [x2]
   507 | D        | Round 4.
   645 | D        | Reached skill level 13 in Unarmed Combat
   675 | D        | Arena points: 148 (+84) [x3]
   709 | D        | Round 5.
   713 | D        | Bought +0 pearl dragon scales for 1200 gold pieces
   732 | D        | Learned a level 5 spell: Blade Hands
   734 | D        | Noticed a spiny frog
   738 | D        | Killed a spiny frog
   743 | D        | Noticed the 27-headed Lernaean hydra
   763 | D        | Bought 3 scrolls of recharging for 285 gold pieces
   770 | D        | Killed the 27-headed Lernaean hydra
   770 | D        | Arena points: 323 (+175) [x5]
   770 | D        | Reached skill level 14 in Unarmed Combat
   770 | D        | Reached skill level 10 in Transmutations
   770 | D        | Reached XP level 9. HP: 96/96 MP: 9/9
   770 | D        | Reached XP level 10. HP: 104/104 MP: 10/10
   777 | D        | Got a decaying rune of Zot
   785 | D        | Bought 3 scrolls of blinking for 225 gold pieces
   800 | D        | Bought 3 potions of heal wounds for 105 gold pieces
   800 | D        | Bought 3 potions of heal wounds for 105 gold pieces
   800 | D        | Bought 3 potions of heal wounds for 105 gold pieces
   864 | D        | Bought 3 royal jellies for 24 gold pieces
   864 | D        | Bought 3 royal jellies for 24 gold pieces
   864 | D        | Bought 3 royal jellies for 24 gold pieces
   953 | D        | Round 6.
  1012 | D        | Noticed Nessos
  1054 | D        | Killed Nessos
  1059 | D        | Bought 4 potions of curing for 84 gold pieces
  1059 | D        | Bought 3 potions of heal wounds for 105 gold pieces
  1099 | D        | Noticed a centaur warrior
  1110 | D        | Killed a centaur warrior
  1110 | D        | Reached skill level 15 in Unarmed Combat
  1117 | D        | Arena points: 647 (+324) [x6]
  1151 | D        | Round 7.
  1193 | D        | Reached XP level 11. HP: 109/111 MP: 11/11
  1214 | D        | Noticed a deep elf archer
  1215 | D        | Noticed a deep elf mage
  1225 | D        | Killed a deep elf archer
  1227 | D        | Noticed a deep elf knight
  1227 | D        | Noticed a deep elf mage
  1241 | D        | Killed a deep elf mage
  1242 | D        | Noticed a soul eater
  1242 | D        | Killed a deep elf knight
  1248 | D        | Killed a deep elf mage
  1274 | D        | Noticed a deep elf archer
  1284 | D        | Noticed an orc sorcerer
  1297 | D        | Killed an orc sorcerer
  1301 | D        | Killed a deep elf archer
  1304 | D        | Arena points: 1137 (+490) [x7]
  1325 | D        | Bought an ancient cloak for 332 gold pieces
  1325 | D        | Bought a spiked shield for 332 gold pieces
  1325 | D        | Bought a faintly glowing hat for 315 gold pieces
  1330 | D        | Identified the -4 cloak of Amorality {-Cast rCorr Dex+2} (You bought it in a shop in the Dungeon)
  1335 | D        | Identified the +4 shield "Dach" {Int-5 Dex+5} (You bought it in a shop in the Dungeon)
  1340 | D        | Identified the cursed +0 hat "Riurys" {+Blink Int+4} (You bought it in a shop in the Dungeon)
  1340 | D        | Bought an ancient large shield for 332 gold pieces
  1340 | D        | Bought a faintly glowing cloak for 332 gold pieces
  1350 | D        | Identified the +5 large shield of the Farrier {Str+3} (You bought it in a shop in the Dungeon)
  1359 | D        | Round 8.
  1360 | D        | Identified the +1 cloak of Vehumet's Supremacy {rN+} (You bought it in a shop in the Dungeon)
  1366 | D        | Bought a twitching marble ring for 45 gold pieces
  1389 | D        | Reached skill level 1 in Shields
  1410 | D        | Reached skill level 10 in Dodging
  1483 | D        | Arena points: 1713 (+576) [x8]
  1504 | D        | Bought a +5 amulet of reflection for 618 gold pieces
  1543 | D        | Round 9.
  1560 | D        | Bought 3 potions of heal wounds for 105 gold pieces
  1560 | D        | Bought 3 potions of heal wounds for 105 gold pieces
  1560 | D        | Bought 3 potions of heal wounds for 105 gold pieces
  1560 | D        | Bought 3 potions of heal wounds for 105 gold pieces
  1560 | D        | Bought 3 potions of heal wounds for 105 gold pieces
  1712 | D        | Arena points: 2442 (+729) [x9]
  1744 | D        | Round 10.
  1754 | D        | Noticed Ilsuiw
  1756 | D        | Noticed a merfolk impaler
  1776 | D        | Noticed a sea snake
  1789 | D        | Killed Ilsuiw
  1789 | D        | Arena points: 3542 (+1100) [x11]
  1789 | D        | Reached skill level 10 in Armour
  1792 | D        | Got a barnacled rune of Zot
  1812 | D        | Bought 5 potions of heal wounds for 500 gold pieces
  1812 | D        | Bought a quad damage for 400 gold pieces
  1812 | D        | Bought a quad damage for 400 gold pieces
  1812 | D        | Bought a quad damage for 400 gold pieces
  1967 | D        | Round 11.
  1976 | D        | Noticed an acid blob
  1990 | D        | Killed an acid blob
  1990 | D        | Reached skill level 5 in Shields
  1990 | D        | Reached skill level 16 in Unarmed Combat
  1990 | D        | Reached XP level 12. HP: 42/120 MP: 15/15
  2015 | D        | Noticed a great orb of eyes
  2023 | D        | Noticed an azure jelly
  2044 | D        | Killed a great orb of eyes
  2045 | D        | Killed an azure jelly
  2055 | D        | Noticed an acid blob
  2057 | D        | Noticed an acid blob
  2058 | D        | Gained mutation: Scrolls take you a little longer to read. [a shining eye]
  2063 | D        | Gained mutation: Scrolls take you longer to read. [a shining eye]
  2066 | D        | Killed an acid blob
  2070 | D        | Killed an acid blob
  2117 | D        | Noticed an acid blob
  2131 | D        | Killed an acid blob
  2131 | D        | Arena points: 5258 (+1716) [x12]
  2163 | D        | Round 12.
  2163 | D        | Noticed a five-headed hydra
  2164 | D        | Reached XP level 13. HP: 106/131 MP: 19/19
  2165 | D        | Reached XP level 14. HP: 114/140 MP: 20/20
  2183 | D        | Reached skill level 5 in Spellcasting
  2245 | D        | Reached skill level 17 in Unarmed Combat
  2282 | D        | Arena points: 5378 (+120) [x1]
  2297 | D        | Round 13.
  2323 | D        | Bought 4 scrolls of enchant armour for 300 gold pieces
  2323 | D        | Bought 4 scrolls of enchant armour for 300 gold pieces
  2323 | D        | Bought 3 scrolls of recharging for 285 gold pieces
  2323 | D        | Bought 5 scrolls of blinking for 375 gold pieces
  2323 | D        | Bought 4 scrolls of blinking for 300 gold pieces
  2345 | D        | Bought 5 scrolls of blinking for 375 gold pieces
  2345 | D        | Bought 4 scrolls of blinking for 300 gold pieces
  2345 | D        | Bought 3 scrolls of blinking for 225 gold pieces
  2388 | D        | Reached skill level 10 in Shields
  2432 | D        | Reached XP level 15. HP: 55/146 MP: 22/22
  2486 | D        | Arena points: 5638 (+260) [x2]
  2509 | D        | Round 14.
  2655 | D        | Arena points: 5778 (+140) [x1]
  2670 | D        | Round 15.
  2715 | D        | Noticed Fannar
  2722 | D        | Identified the ring "Zianwav" {EV+2 Str+5 Int-4} (You bought it in a shop in the Dungeon)
  2795 | D        | Killed Fannar
  2795 | D        | Arena points: 6273 (+495) [x3]
  2799 | D        | Got an elven rune of Zot
  2824 | D        | Bought 3 royal jellies for 24 gold pieces
  2824 | D        | Bought 3 royal jellies for 24 gold pieces
  2824 | D        | Bought 3 royal jellies for 24 gold pieces
  2824 | D        | Bought 3 royal jellies for 24 gold pieces
  2849 | D        | Bought 5 potions of haste for 1000 gold pieces
  2849 | D        | Bought 5 potions of heal wounds for 500 gold pieces
  2879 | D        | Bought an ancient silver amulet for 45 gold pieces
  2879 | D        | Bought a smoking bronze ring for 45 gold pieces
  2879 | D        | Bought a steaming bone ring for 45 gold pieces
  2879 | D        | Bought a brightly glowing silver ring for 45 gold pieces
  2879 | D        | Bought a coiled bronze ring for 45 gold pieces
  2879 | D        | Bought a clouded lapis lazuli ring for 45 gold pieces
  2879 | D        | Bought a faintly glowing turquoise ring for 45 gold pieces
  2879 | D        | Bought a glittering golden ring for 45 gold pieces
  2879 | D        | Bought a steaming bronze ring for 45 gold pieces
  2879 | D        | Bought a wavering jade ring for 45 gold pieces
  2879 | D        | Bought a translucent brass ring for 45 gold pieces
  2879 | D        | Bought a clouded bronze ring for 45 gold pieces
  2879 | D        | Bought a steaming platinum ring for 45 gold pieces
  2889 | D        | Bought 3 scrolls of identify for 150 gold pieces
  2889 | D        | Bought 3 scrolls of identify for 150 gold pieces
  2889 | D        | Bought 3 scrolls of identify for 150 gold pieces
  2889 | D        | Bought 3 scrolls of identify for 150 gold pieces
  2889 | D        | Bought 3 scrolls of identify for 150 gold pieces
  2909 | D        | Identified the amulet of Vyamaek {Faith MR- Int+5 Dex+4} (You bought it in a shop in the Dungeon)
  2911 | D        | Identified the ring "Isuwn" {+Blink Dex+10 Slay+2 Stlth-} (You bought it in a shop in the Dungeon)
  2913 | D        | Identified the ring of Gofe {rPois Int+6} (You bought it in a shop in the Dungeon)
  2915 | D        | Identified the ring "Sephydgh" {rElec Stlth+} (You bought it in a shop in the Dungeon)
  2919 | D        | Identified the ring "Rouv" {rN+ MP+9 Str+4 Slay+3} (You bought it in a shop in the Dungeon)
  2921 | D        | Identified the ring "Alisyete" {Ice rPois} (You bought it in a shop in the Dungeon)
  2923 | D        | Identified the ring "Kaozog" {rF- rN+ Str+4 Stlth+} (You bought it in a shop in the Dungeon)
  2925 | D        | Identified the ring of the Little Devil {rElec EV+5 Int-3 Dex+6 Slay+2} (You bought it in a shop in the Dungeon)
  2927 | D        | Identified the ring "Xeolov" {+Fly Dex+7} (You bought it in a shop in the Dungeon)
  2929 | D        | Identified the ring "Fuidu" {rCorr rF+++ rC- rN++ Int-4} (You bought it in a shop in the Dungeon)
  2931 | D        | Identified the ring "Kohiv" {rPois rC++ Slay+2} (You bought it in a shop in the Dungeon)
  2933 | D        | Identified the ring of Qentiz {-Tele rPois MR+ Int+2} (You bought it in a shop in the Dungeon)
  2935 | D        | Identified the ring "Iffumur" {Fire *Contam +Inv MR+ Str+4} (You bought it in a shop in the Dungeon)
  2986 | D        | Round 16.
  2987 | D        | Noticed a death cob
  2995 | D        | Killed a death cob
  2995 | D        | Reached skill level 18 in Unarmed Combat
  2999 | D        | Noticed a bone dragon
  3017 | D        | Noticed a bone dragon
  3018 | D        | Killed a bone dragon
  3043 | D        | Killed a bone dragon
  3051 | D        | Arena points: 6913 (+640) [x4]
  3065 | D        | Round 17.
  3234 | D        | Arena points: 8103 (+1190) [x5]
  3259 | D        | Bought 4 potions of curing for 84 gold pieces
  3259 | D        | Bought 3 potions of heal wounds for 105 gold pieces
  3259 | D        | Bought 3 potions of heal wounds for 105 gold pieces
  3259 | D        | Bought 3 potions of heal wounds for 105 gold pieces
  3264 | D        | Round 18.
  3267 | D        | Bought 5 potions of berserk rage for 175 gold pieces
  3267 | D        | Bought 6 potions of resistance for 420 gold pieces
  3267 | D        | Bought 6 potions of might for 168 gold pieces
  3267 | D        | Bought 3 potions of haste for 210 gold pieces
  3267 | D        | Bought 6 potions of agility for 168 gold pieces
  3267 | D        | Bought 5 potions of haste for 350 gold pieces
  3267 | D        | Bought 4 potions of haste for 280 gold pieces
  3269 | D        | Bought 6 potions of resistance for 420 gold pieces
  3269 | D        | Bought 4 potions of haste for 280 gold pieces
  3269 | D        | Bought 3 potions of haste for 210 gold pieces
  3327 | D        | HP: 7/146 [??? (2)]
  3355 | D        | HP: 7/146 [??? (1)]
  3394 | D        | Arena points: 8355 (+252) [x1]
  3409 | D        | Round 19.
  3428 | D        | Arena points: 8811 (+456) [x2]
  3498 | D        | Round 20.
  3499 | D        | Noticed Dissolution
  3518 | D        | Paralysed by a floating eye for 3 turns
  3533 | D        | Paralysed by a floating eye for 3 turns
  3537 | D        | HP: 4/146 [Dissolution (39)]
  3537 | D        | HP: 1/146 [acid (3)]
  3538 | D        | Noticed an acid blob
  3559 | D        | HP: 6/146 [Dissolution (5)]
  3559 | D        | HP: 1/146 [acid (5)]
  3559 | D        | Mangled by Dissolution

Vault maps used:
D:        arena_sprint

Skill      XL: |  1  2  3  4  5  6  7  8  9 10 11 12 13 14 15 |
---------------+----------------------------------------------+-----
Fighting       | 1 3 4 7 8 9 |  9.0
Unarmed Combat | 4 7 8 12 14 15 16 17 18 | 18.6
Transmutations | 2 3 4 6 10 12 13 14 | 14.4
Armour         | 7 8 10 11 13 | 13.5
Dodging        | 7 8 10 11 12 13 | 13.6
Shields        | 5 8 10 13 | 13.9
Spellcasting   | 3 4 5 8 |  8.1
Evocations     | 3 |  3.0

Action                   |  1- 3 |  4- 6 |  7- 9 | 10-12 | 13-15 || total
-------------------------+-------+-------+-------+-------+-------++-------
Melee: Unarmed           |    39 |    31 |    22 |   193 |   385 ||   670
       Headbutt          |     1 |       |       |       |       ||     1
       Punch             |     1 |     3 |     3 |     7 |       ||    14
 Cast: Beastly Appendage |     1 |       |       |       |       ||     1
       Sticks to Snakes  |       |       |       |     1 |       ||     1
Invok: Potion Petition   |       |       |       |     1 |       ||     1
Evoke: Wand              |       |       |    13 |     6 |    14 ||    33
       Quad damage       |       |       |       |     1 |     1 ||     2
  Use: Potion            |       |     4 |       |    18 |    49 ||    71
       Scroll            |       |     1 |     5 |     2 |    29 ||    37
 Stab: Distracted        |       |       |       |     2 |     2 ||     4
       Confused          |       |       |       |     8 |       ||     8
  Eat: Bread ration      |       |       |     1 |     1 |       ||     2
       Royal jelly       |       |       |       |     4 |     6 ||    10
Armor: Robe              |    10 |    20 |     1 |       |       ||    31
       Pearl dragon scal |       |       |     1 |    60 |   174 ||   235
Dodge: Dodged            |    17 |    19 |     8 |    67 |   190 ||   301
Block: Large shield      |       |       |       |    94 |   510 ||   604
       Reflection        |       |       |       |     1 |     1 ||     2
